 BcadrenCrawl: Boulder Brew version 0.06-688-g08e91b2d95 (webtiles) character file.

Game seed: 15710547366025904365

12243 Leeroy the Crack Shot (level 11, -1/105 HPs) Tengu Centaur. Began on Jan 22, 2023. Was a Priest of Nemelex Xobeh. Rolled over by a boulder beetle (23 damage) ... on level 4 of the Lair of Beasts. The game lasted 00:29:10 (9806 turns).

Leeroy the Crack Shot (Tengu Centaur)               Turns: 9806, Time: 00:29:10

Health: -1/105     AC:  7    Str: 17    XL:     11 ^: 4357
Magic:  12/12      EV: 22    Int: 12    God:    Nemelex Xobeh [3* [76]]
Gold:   300        SH:  0    Dex: 16    Spells: 10/10 levels left

rFire    . . .     Slash    x   O - +3 longbow (velocity)
rCold    . . .     Pierce   .   (also wielding the above weapon)
rNeg     . . .     Bludgeon .   Y - +0 troll leather {Dex+3}
rCorr    . . .     Vision   .   (helmet restricted)
rPois    .         Gourm    .   j - +0 cloak
rElec    .         Faith    .   B - +0 pair of gloves
MR       .....     Spirit   .   (no barding)
HPRegen  0.85/turn Reflect  .   (no amulet)
MPRegen  0.22/turn Harm     .   l - ring of evasion
Stlth    ++........             g - ring of evasion

@: flying quickly and evasively, studying Whips & Flails, very quick
A: large, beak, hippogriff form, talons, deformed body 1, speed 2, tengu flight,
soft flesh, AC +3
a: Stop Flying, Triple Draw, Renounce Religion


You were on level 4 of the Lair of Beasts.
You worshipped Nemelex Xobeh.
Nemelex Xobeh was most pleased with you.
You were not hungry.

You visited 2 branches of the dungeon, and saw 10 of its levels.

You collected 300 gold pieces.

Inventory:

Weapons
 b - a +0 war axe of freezing
 f - a +0 dagger of venom
 p - a +2 hammer of protection
 F - a +0 whip of venom
 N - a +2 hand crossbow of molten steel
 O - a +3 longbow of velocity (weapon)
 Q - a +0 falchion of protection
Armour
 j - a +0 cloak (worn)
 B - a +0 pair of gloves (worn)
 Y - a +0 troll leather of dexterity (worn)
Jewellery
 c - a cursed ring of dexterity {(Curse: rC-)}
 g - a ring of evasion (right hand)
 l - a ring of evasion (left hand)
 o - an uncursed ring of stealth
 t - an uncursed ring of protection
 v - an uncursed amulet of regeneration
 w - a cursed amulet of the acrobat {(Curse: rF-)}
 y - an uncursed ring of intelligence
 z - the cursed ring of Wahi {+Blink Str+5 Dex+4, (Curse: MR-)}
   (You took it off an orc wizard on level 3 of the Dungeon)

   [ring of strength]

   It affects your strength (+5).
   It affects your dexterity (+4).
   It lets you blink.
   It has a curse placed upon it.
   { (Curse: MR-)}
 H - the cursed ring of Cynicism {-Vis rC++ EV+5, (Curse: MR-)}
   (You found it on level 3 of the Dungeon)

   [ring of evasion]

   It affects your evasion (+5).
   It greatly protects you from cold.
   It blurs your vision.
   It has a curse placed upon it.
   { (Curse: MR-)}
 I - a cursed ring of dexterity {(Curse: *Slow)}
 P - an uncursed amulet of faith
 R - a cursed ring of intelligence {(Curse: *Slow rC-)}
 T - an uncursed ring of stealth
 W - a cursed ring of dexterity {(Curse: *Drain)}
 X - an uncursed ring of stealth
Wands
 m - a wand of enslavement (9)
 L - a wand of ensnaring (2)
 S - a wand of random effects (2)
 U - a wand of acid (8)
Scrolls
 i - 7 scrolls of teleportation
 x - 2 scrolls of fear
 K - a scroll of summoning
 M - 2 scrolls of magic mapping
Potions
 e - 6 potions of curing
 h - 8 potions of heal wounds
 k - 3 potions of brilliance
 n - 2 potions of mutation
 q - 2 potions of agility
 r - 2 potions of might
 s - a potion of cancellation
 u - a potion of cure mutation
 A - a potion of amnesia
 D - a potion of poison
 E - 2 potions of magic
 J - 3 potions of haste
 Z - 2 potions of resistance
Miscellaneous
 a - a plain deck of escape
 C - a plain deck of destruction
 G - a plain deck of escape
Comestibles
 d - 23 rations


   Skills:
 - Level 2.0 Fighting
 - Level 1.1 Long Blades
 + Level 23.1 Bows
 - Level 2.1 Dodging
 - Level 1.0 Stealth


You had 10 spell levels left.
You didn't know any spells.
Your spell library contained the following spells:

 Spells                   Type           Power        Failure   Level  Hunger
 Confusing Touch Hex 0 (50) 36% 1 40-60 Confuse Hex 0 (100) 73% 3 120-180 Gell's Gravitas Tloc 0 (200) 73% 3 120-180 Petrify Tmut/Erth 0 (100) 98% 4 200-300 Yara's Violent Unravell Hex/Tmut       0 (200)      100%        5    320-480


Dungeon Overview and Level Annotations

Branches:
Dungeon (6/8)              Temple (0/1) D:4            Lair (4/6) D:5
 Shoals (0/4) Lair:2
  Snake: Lair:2-4    Spider: Lair:2-4       Orc: D:6

Altars:
Ashenzari
Cheibriados
Kikubaaqudgha
Nemelex Xobeh
Okawaru
Qazlal
Vehumet
Wu Jian
Yredelemnul

Annotations:
D:6 Gastronok
Lair:1 exclusion: oklob plant


Innate Abilities, Weirdness & Mutations

Your horsehide is resilient. (AC +3)
You have a beak for a mouth.
You have a hippogriff-like bottom half; talons in the front, hooves in the back.
Armour fits poorly on your strangely shaped body.
You cover ground very quickly.
You can fly continuously.
Your speed and evasion are boosted while flying.
Your soft flesh is weak to deep cuts.
Heavy manmade armour will nullify this weakness. (rSlashing-)


Message History

The boulder beetle curls into a ball and starts rolling!
A rime drake comes into view.
Found a +0 club, 13 gold pieces and a +0 rapier.
A spiny frog and a dream sheep come into view.
The dream sheep bleats!
Found a scroll of blinking, a ration and a scroll of bless item. 2 rime drakes come into view.
The rime drake hisses angrily.
The boulder beetle smashes into the plant!
The plant is destroyed!
A rime drake comes into view.
Found a +0 long sword and a potion of decay.
A crocodile comes into view.
Found 41 gold pieces.
The rime drake picks up some gold.
Found a leatherbound book.
There is a stone staircase leading up here.
The boulder beetle smashes into you!
You die...
Your body disappears without a glow.

. ..................
.
..............F..t..
.
.............Y......
.
.......†...D...Y....
.
Y...................
Y
.....Y.Y............
#
#..................
##....###......##
##..# #...@F.# ###
#...○B..#
#...P°!....P
#..PPkPPP...#
#...PPkk?P..P#
#.%..P)kk?P.## #...P
...)!..# ...$
:..$P.##


You could see a boulder beetle, an eight-headed hydra, 2 elephants, 2 spiny
frogs, 5 rime drakes, a crocodile (wandering) and 2 dream sheep.

Vanquished Creatures
  A two-headed ogre (D:6)
  3 hydras
  Pikel (D:3)
  Maurice (D:4)
  A troll (D:6)
  3 giraffes (Lair:2)
  A rime drake (Lair:2)
  2 komodo dragons
  Grum (D:4)
  A spiny frog (Lair:1)
  A hippogriff (D:5)
  A wyvern (Lair:1)
  4 war dogs
  4 yaks (D:5)
  9 water moccasins
  2 sky beasts (D:5)
  3 porcupines
  A black bear (D:4)
  6 ogres
  8 wolves
  4 big kobolds
  6 crocodiles
  A blink frog (Lair:3)
  3 centaurs (Lair:2)
  3 howler monkeys (D:5)
  7 jellies
  2 quasiau (D:5)
  A llaibwca (D:4)
  7 orc priests
  4 hounds
  A gnoll shaman (D:2)
  5 orc wizards
  2 iguanas
  A wyvern zombie (D:4)
  9 worker ants
  5 wyvern skeletons
  12 giant cockroaches
  Robin (D:2)
  11 adders
  9 gnolls
  21 sewer rats (D:2)
  14 cinder newts
  4 worms
  19 bullfrogs
  A killer bee zombie (D:5)
  9 oozes
  4 dart slugs
  8 leopard geckos
  35 orcs
  4 adder skeletons
  7 bats
  15 goblins
  6 hobgoblins
  5 jackals (D:1)
  A quokka (D:3)
  A bat skeleton (D:2)
  A jackal skeleton (D:3)
  22 kobolds
  A kobold skeleton (D:2)
  An orc skeleton (D:2)
  A quokka skeleton (D:2)
  4 rats (D:1)
  A rat skeleton (D:2)
  A plant (Lair:2)
  2 slaves (D:3)
  A withered plant (D:2)
337 creatures vanquished.

Vanquished Creatures (others)
  A hound (D:3)
  A jelly (D:2)
  A giant cockroach (D:2)
  A gnoll (D:3)
  A kobold (D:2)
  A giant blowfly (D:2)
  A plant (Lair:4)
  2 slaves (D:3)
  A slimehead (D:2)
  52 withered plants (D:2)
62 creatures vanquished.

Grand Total: 399 creatures vanquished

Notes
Turn   | Place    | Note
-------+----------+-------------------------------------------
     0 | D:1      | Leeroy the Tengu Centaur began the quest for the Orb.
     0 | D:1      | Reached XP level 1. HP: 24/24 MP: 2/2
     2 | D:1      | Found a runed translucent door.
    47 | D:1      | Reached skill level 5 in Bows
    92 | D:1      | Identified a scroll of acquirement
   111 | D:1      | Reached XP level 2. HP: 32/32 MP: 3/3
   201 | D:1      | Reached skill level 6 in Bows
   214 | D:1      | Reached XP level 3. HP: 40/40 MP: 4/4
   468 | D:1      | Reached skill level 7 in Bows
   579 | D:1      | Reached XP level 4. HP: 48/48 MP: 5/5
  1132 | D:1      | Reached skill level 8 in Bows
  1144 | D:1      | Gained mutation: You can fly continuously. Your speed and
                  | evasion are boosted while flying. [Tengu growth]
  1144 | D:1      | Reached XP level 5. HP: 36/56 MP: 6/6
  1476 | D:2      | Noticed a water moccasin
  1512 | D:1      | Reached skill level 9 in Bows
  1873 | D:1      | Killed a water moccasin
  1873 | D:1      | Reached skill level 10 in Bows
  1873 | D:1      | Reached XP level 6. HP: 64/64 MP: 7/7
  2185 | D:2      | Reached skill level 11 in Bows
  2197 | D:2      | Noticed Robin
  2212 | D:2      | Killed Robin
  2261 | D:2      | Reached XP level 7. HP: 72/72 MP: 8/8
  2351 | D:2      | your +2 hammer of protection protects you from harm!
  2390 | D:2      | Reached skill level 12 in Bows
  2615 | D:2      | your +2 hammer of protection protects you from harm!
  2657 | D:2      | Found an ornate altar of the Wu Jian Council.
  2675 | D:2      | Reached skill level 13 in Bows
  3021 | D:2      | your +2 hammer of protection protects you from harm!
  3088 | D:2      | Reached XP level 8. HP: 81/81 MP: 9/9
  3228 | D:2      | Found a sparkling altar of Nemelex Xobeh.
  3255 | D:2      | your +2 hammer of protection protects you from harm!
  3856 | D:2      | Reached skill level 14 in Bows
  3943 | D:3      | Identified the cursed ring of Wahi {+Blink Str+5 Dex+4,
                  | (Curse: MR-)}
  3966 | D:3      | your +2 hammer of protection protects you from harm!
  4084 | D:2      | Became a worshipper of Nemelex Xobeh the Trickster
  4225 | D:3      | Identified the cursed ring of Cynicism {-Vis rC++ EV+5,
                  | (Curse: MR-)}
  4225 | D:3      | Noticed Pikel
  4337 | D:3      | your +2 hammer of protection protects you from harm!
  4374 | D:3      | Found a snail-covered altar of Cheibriados.
  4382 | D:3      | Received a gift from Nemelex Xobeh
  4408 | D:4      | Noticed Grum
  4482 | D:4      | Killed Grum
  4482 | D:4      | Reached skill level 15 in Bows
  4558 | D:3      | your +2 hammer of protection protects you from harm!
  4685 | D:3      | Found a radiant altar of Vehumet.
  4842 | D:3      | Killed Pikel
  4842 | D:3      | Reached skill level 16 in Bows
  4842 | D:3      | Reached XP level 9. HP: 60/89 MP: 10/10
  4986 | D:3      | your +2 hammer of protection protects you from harm!
  5336 | D:3      | Found a stormy altar of Qazlal.
  5343 | D:3      | Found an ancient bone altar of Kikubaaqudgha.
  5347 | D:3      | Found a shattered altar of Ashenzari.
  5432 | D:3      | Reached skill level 17 in Bows
  5447 | D:3      | Received a gift from Nemelex Xobeh
  5652 | D:3      | your +2 hammer of protection protects you from harm!
  5816 | D:4      | your +2 hammer of protection protects you from harm!
  6008 | D:4      | your +2 hammer of protection protects you from harm!
  6128 | D:4      | your +2 hammer of protection protects you from harm!
  6271 | D:4      | Found an iron altar of Okawaru.
  6317 | D:4      | Noticed Maurice
  6332 | D:4      | Killed Maurice
  6332 | D:4      | Reached skill level 18 in Bows
  6375 | D:4      | your +0 falchion of protection protects you from harm!
  6731 | D:4      | Found a staircase to the Ecumenical Temple.
  6745 | D:4      | your +0 falchion of protection protects you from harm!
  6901 | D:5      | Entered Level 5 of the Dungeon
  6912 | D:4      | Reached XP level 10. HP: 97/97 MP: 11/11
  6973 | D:5      | Found a staircase to the Lair.
  6998 | D:5      | Reached skill level 19 in Bows
  7002 | D:5      | Reached * piety under Nemelex Xobeh
  7086 | D:5      | your +2 hammer of protection protects you from harm!
  7090 | D:5      | your +0 falchion of protection protects you from harm!
  7271 | D:5      | Reached skill level 1 in Long Blades
  7271 | D:5      | Reached skill level 20 in Bows
  7406 | D:5      | Found a basalt altar of Yredelemnul.
  7600 | D:6      | Noticed Gastronok
  7602 | D:6      | Noticed a two-headed ogre
  7636 | D:6      | Killed a two-headed ogre
  7672 | Lair:1   | Entered Level 1 of the Lair of Beasts
  7674 | Lair:1   | Reached skill level 21 in Bows
  7796 | Lair:1   | Noticed a seven-headed hydra
  7800 | Lair:1   | Killed a seven-headed hydra
  8002 | Lair:1   | Noticed an oklob plant
  8025 | Lair:1   | Received a gift from Nemelex Xobeh
  8047 | Lair:1   | Reached XP level 11. HP: 100/105 MP: 12/12
  8162 | Lair:1   | Reached ** piety under Nemelex Xobeh
  8698 | Lair:2   | Noticed a seven-headed hydra
  8710 | Lair:2   | Killed a seven-headed hydra
  8710 | Lair:2   | Reached skill level 22 in Bows
  8881 | Lair:2   | Found a staircase to the Shoals.
  9517 | Lair:2   | Noticed a seven-headed hydra
  9520 | Lair:2   | Killed a seven-headed hydra
  9520 | Lair:2   | Reached skill level 23 in Bows
  9784 | Lair:3   | You are sucked into a shaft and drop 1 floor!
  9784 | Lair:4   | Received a gift from Nemelex Xobeh
  9784 | Lair:4   | Noticed an eight-headed hydra
  9784 | Lair:4   | Noticed a swooping magpie
  9797 | Lair:4   | Reached *** piety under Nemelex Xobeh
  9798 | Lair:4   | Noticed an eight-headed hydra
  9799 | Lair:4   | Noticed a boulder beetle
  9806 | Lair:4   | Rolled over by a boulder beetle

Illustrated notes

Levels and vault maps discovered:
D:1:      dpeg_arrival_caged_fury, layout_loops_ring, serial_co_window_serial,
          co_window_paths_a, co_window_of_opportunity_a, co_window_paths_a,
          co_window_paths_b, co_window_corner_a, co_window_paths_b,
          co_window_paths_b, co_window_corner_cb, co_window_corner_ca,
          co_window_cross_4, co_window_paths_c, co_window_2corner,
          glass_columns_b, cheibrodos_sewer_entry_bend
D:2:      layout_sewer, nemelex_xobeh_ov_fountains_minmay, lemuel_doored_altar,
          sewer_minmay_treatment, first_ration
D:3:      layout_loops_ring, bcadren_lemuel_inverted_doored_altar, minitemple,
          basic_altar, uniq_pikel
D:4:      layout_roguey, marbit_many_paths, minmay_temple_entry_crystal_x,
          uniq_grum, uniq_maurice
D:5:      layout_cave_pools, lemuel_crystal_altar, lair_entry_dummy
D:6:      layout_loops_ring, nicolae_tso_swordbearing_angel, orc_0_dummy,
          ebering_ghost_rock_garden, uniq_sonja, uniq_gastronok
Lair:1:   layout_long_grid, eino_small_chamber_without_monster, minivault_19,
          nicolae_lair_grove_arrangements, minmay_lair_oklob_chamber
Lair:2:   layout_cave_pods, minmay_shoals_entry_centaurs, lemuel_fruit_tree,
          infiniplex_staircase_pool_2
Lair:3:   layout_big_grid, minmay_snake_entry_guardpost_small
Lair:4:   layout_hall_layers, lightli_ossuary_entry_decrepit_ruins,
          minmay_lair_drake_nest

Skill      XL: |  1  2  3  4  5  6  7  8  9 10 11 |
---------------+----------------------------------+-----
Bows           | 5 6 7 8 10 11 13 16 18 21 23 | 23.1
Long Blades    | 1 |  1.1
Fighting       | |  2.0
Dodging        | |  2.1
Stealth        | |  1.0

Action                   |  1- 3 |  4- 6 |  7- 9 | 10-12 || total
-------------------------+-------+-------+-------+-------++-------
Melee: Short sword       |       |    35 |     5 |       ||    40
       Unarmed           |       |    33 |    64 |     1 ||    98
       Kick              |       |    14 |    18 |     1 ||    33
       Tailslap          |       |     8 |    12 |     2 ||    22
       Hammer            |       |       |    65 |     4 ||    69
       Falchion          |       |       |     8 |     2 ||    10
 Fire: Shortbow          |    83 |   191 |   511 |       ||   785
       Longbow           |       |       |   100 |   281 ||   381
 Abil: Fly               |       |     1 |       |       ||     1
  Use: Scroll            |       |       |     2 |     4 ||     6
  Eat: Chunk             |       |     3 |    10 |     5 ||    18
Armor: Leather armour    |     7 |    40 |    50 |     6 ||   103
       Troll leather     |       |       |       |     5 ||     5
Dodge: Dodged            |     9 |    45 |    69 |    26 ||   149
       Rpst.: Falchion   |       |       |     1 |     3 ||     4
